Unix NetHack Version 5.0.0-0 post-release - last build Jun 10 2026 00:39:30 (3ee93aec679c4c4259841fe613dc97188e26a321,branch:main).

Game began 2026-07-06 12:26:47, ended 2026-07-06 12:42:43.

HomunculusP, neutral male human Archeologist

     ----------########################################################
     |??%?=..!|#                                                      #
      ?+%([.[?|#      ------           -----------                  # #
        .....  #######......#%#########|.........|                  ###
         -|-      #  #|..._|###       #|.>.....(.|     --------------..
     ##############  #|....|  #       #|.........|    #-..............|
     #    #       #  #----.-###########-*-------.-    #|..............|
     #    #     #############  #   #    #       #     #|..............|
     ############           ####   #    #       #     #----.-----------
     #    #-.---#              ######  ##       #     #    ############
     #    #|...|#              ##  -|--.--      ##    #    #  # # ### #
     ######|....#                  -.....|       ##   #    #    #  #  #
     #  ----.<.|                   |.....|        ### #    ###  #  #  #
     #  |......|                   |.....|     -----.-#   #  #  #  #  #
     #  |......|                   |.....|     |......#####--|---- #  #
     #  |......|        ----       |.....|###*#..*...|#   #|.....| #  #
     #  ----%---        |..|       -------     |.....|#   #|.....| #  #
     ##################-|..|###################.------### #|......#   #
      #          #      ---- ###########      #############-------#####

HomunculusP the Field Worker  St:11 Dx:8 Co:15 In:17 Wi:16 Ch:8  Neutral
Dlvl:2  $:0  HP:0(34) Pw:18(18) AC:9  Xp:3 T:4460  Fainted  Burdened Deaf

Latest messages:
 You regain consciousness.
 You can hear again.
 You faint from lack of food.
 You regain consciousness.
 You can hear again.
 You faint from lack of food.
 You regain consciousness.
 You faint from lack of food.
 You regain consciousness.
 You faint from lack of food.
 You regain consciousness.
 You swap places with your large cat.
 You faint from lack of food.
 You regain consciousness.
 You can hear again.
 You faint from lack of food.
 You regain consciousness.
 You faint from lack of food.
 You regain consciousness.
 You can hear again.
 You faint from lack of food.
 You revive.
 Suddenly one of the Vault's guards enters!
 "Hello stranger, who are you?" - 
 "Hello stranger, who are you?" - 
 "Hello stranger, who are you?" - Lost
 "I don't know you."
 "Most likely all your gold was stolen from this vault."
 "Please drop that gold and follow me."
 You faint from lack of food.
 The guard vanishes!
 You dream that you hear the shrill sound of a guard's whistle.
 The large cat arches!
 The large cat vanishes!
 You dream that you hear a distant chant.
 The damaged vault's walls are magically restored!
 You dream that you hear a nearby zap.
 The bolt of fire whizzes by you!
 You dream that you hear a nearby zap.
 The bolt of fire hits you!
 Your cloth hat smoulders!
 You dream that you hear a nearby zap.
 The bolt of fire hits you!
 Your leather jacket smoulders!
 One of your ruby potions boils and explodes!
 Call a ruby potion: 
 You die...
 The guard remits your gold to the vault.
 Do you want your possessions identified? [ynq] (y) y
 Do you want to see your attributes? [ynq] (y) q

Inventory:
 Weapons  (')')
  p - 12 +0 arrows
  n - 8 rusty +0 arrows
  m - 10 cursed +0 crossbow bolts
  B - 13 +0 darts
  F - a +0 elven dagger
  D - a cursed +0 elven dagger
  A - a +0 orcish dagger
  a - a +2 bullwhip (alternate weapon; not wielded)
 Armor    ('[')
  c - an uncursed burnt +0 fedora (being worn)
  G - an uncursed +0 elven mithril-coat
  b - a cursed burnt +0 leather jacket (being worn)
 Scrolls  ('?')
  r - a cursed scroll of teleportation
 Spellbooks  ('+')
  v - an uncursed spellbook of levitation
 Potions  ('!')
  k - an uncursed potion of healing
  u - an uncursed potion of healing
 Rings    ('=')
  t - an uncursed ring of see invisible
 Tools    ('(')
  h - an empty cursed sack
  o - a cursed tooled horn
  i - a cursed bell
  e - a cursed +0 pick-axe (weapon in right hand)
  f - a tinning kit (0:57)
 Gems/Stones  ('*')
  E - an uncursed jade stone
  C - an uncursed worthless piece of blue glass
  w - an uncursed worthless piece of white glass
  l - 2 uncursed worthless pieces of yellow glass
  g - an uncursed touchstone
 Boulders/Statues  ('`')
  x - an empty uncursed statue of a grid bug
  s - an empty uncursed statue of a newt

HomunculusP the Archeologist's attributes:

Background:
 You were a Field Worker, a level 3 male human Archeologist.
 You were neutral, nominally on a mission for Camaxtli
 who was opposed by Quetzalcoatl (lawful) and Huhetotl (chaotic).
 You were right-handed.
 You were in the Dungeons of Doom, on level 2.
 You entered the dungeon 4460 turns ago.
 You had 63 experience points, 17 more were needed to attain level 4.

Basics:
 You had 0 out of 34 hit points.
 You had all 18 energy points (spell power).
 Your armor class was 10.
 Your wallet was empty.
 Autopickup was off.

Final Characteristics:
 Your strength was 11 (base:12, peak:13, limit:18/100).
 Your dexterity was 8 (limit:18).
 Your constitution was 15 (limit:18).
 Your intelligence was 17 (limit:18).
 Your wisdom was 16 (limit:18).
 Your charisma was 8 (limit:18).

Final Status:
 You were deaf.
 You were fainted due to starvation.
 You were burdened; movement was slightly slowed.
 You were wielding a pick-axe.
 You had basic skill with pick-axe.

Final Attributes:
 You were piously aligned.
 You had automatic searching.
 You were lucky.
 You are dead.

Miscellaneous:
 You didn't encounter any bones levels.
 Total elapsed playing time was 15 minutes and 55 seconds.

Major events:
 Turn
    1: HomunculusP the neutral male human Archeologist entered the dungeon
 2429: attained the rank of Field Worker (level 3)
 4460: killed by a bolt of fire zapped by a guard, while fainted from lack of food

Spells:
 Name                 Level Category     Fail Retention
 levitation             4   escape       100%  76%-100%

Skills:
 Fighting Skills
   bare handed combat [Unskilled]
   two weapon combat  [Unskilled]
   riding             [Unskilled]
 Weapon Skills
   dagger             [Unskilled]
   knife              [Unskilled]
   pick-axe           [Basic]
   short sword        [Unskilled]
   saber              [Unskilled]
   club               [Unskilled]
   quarterstaff       [Unskilled]
   sling              [Unskilled]
   dart               [Unskilled]
   boomerang          [Unskilled]
   whip               [Basic]
   unicorn horn       [Unskilled]
 Spellcasting Skills
   attack spells      [Unskilled]
   healing spells     [Unskilled]
   divination spells  [Unskilled]
   matter spells      [Unskilled]

Voluntary challenges:
 Character rerolling was not enabled.
 You were an atheist.
 You never genocided any monsters.
 You never polymorphed an object.
 You never changed form.
 You used no wishes.
Achievements:
 You entered a shop.
 You attained the rank of Field Worker.

 The Dungeons of Doom: levels 1 to 2
    Level 1:
       An altar, a grave.
    Level 2: <- You were here.
       A general store, an altar.
       Final resting place for
          you, killed by a bolt of fire zapped by a guard, while fainted from lack of food.


Vanquished creatures:
  a shrieker
 an acid blob
  2 hobbits
  2 large kobolds
  6 giant rats
  a yellow mold
  a gnome zombie
  7 geckos
 13 jackals
  3 foxes
  2 kobolds
  4 goblins
  a sewer rat
  7 grid bugs
  2 bats
  2 lichens
  2 kobold zombies
  8 newts
65 creatures vanquished.

No species were genocided or became extinct.

Game over:
                       ----------
                      /          \
                     /    REST    \
                    /      IN      \
                   /     PEACE      \
                  /                  \
                  |   HomunculusP    |
                  |       0 Au       |
                  | killed by a bolt |
                  |  of fire zapped  |
                  |    by a guard    |
                  |                  |
                  |       2026       |
                 *|     *  *  *      | *
        _________)/\\_//(\/(/\)/\//\/|_)_______

Goodbye HomunculusP the Archeologist...

You died in The Dungeons of Doom on dungeon level 2 with 302 points,
and 0 pieces of gold, after 4460 moves.
You were level 3 with a maximum of 34 hit points when you died.

